 Dungeon Sprint DCSS version 0.20-a0-217-g17e8ceb (webtiles) character file.

147 Canaver the Cleaver (level 5, 0/48 HPs)
             Began as a Deep Dwarf Fighter on Nov 28, 2016.
             Was an Initiate of Makhleb.
             Slain by an ice beast (9 damage)
             ... in the Dungeon (Sprint IX: "|||||||||||||||||||||||||||||").
             The game lasted 00:00:50 (134 turns).

Canaver the Cleaver (Deep Dwarf Fighter)             Turns: 134, Time: 00:00:50

Health: 0/48       AC: 12    Str: 24    XL:     5   Next: 7%
Magic:  3/3        EV:  5    Int: 11    God:    Makhleb [......]
Gold:   0          SH:  9    Dex: 12    Spells: 4/4 levels left

rFire  . . .     SeeInvis .     p - +3 war axe (antimagic)
rCold  . . .     Gourm    .     s - +1 chain mail {MR+}
rNeg   . . .     Faith    .     c - +0 shield
rPois  .         Spirit   .     (no helmet)
rElec  .         Reflect  .     q - +0 cloak
rCorr  .         Harm     .     (no gloves)
MR     +....     NoTele   +     r - +0 pair of boots
Stlth  ..........               (no amulet)
                                t - +3 ring of strength
                                u - +3 ring of intelligence

@: non-regenerating
A: damage resistance, recharge devices, sense surroundings 1, slow regeneration
3
a: Device Recharging, Renounce Religion


You were in the Dungeon.
You worshipped Makhleb.
Makhleb was noncommittal.
You were not hungry.

You visited 1 branch

Inventory:

Hand Weapons
 p - a +3 antimagic war axe (weapon)
Armour
 c - a +0 shield (worn)
 q - a +0 cloak (worn)
 r - a +0 pair of boots (worn)
 s - a +1 chain mail of magic resistance (worn)
Jewellery
 t - a +3 ring of strength (right hand)
 u - a +3 ring of intelligence (left hand)
Wands
 e - a wand of heal wounds (5/9)
 o - a wand of iceblast (7/15)
Scrolls
 l - 2 scrolls of blinking
 m - 3 scrolls of remove curse
 n - 2 scrolls of amnesia
Potions
 d - a potion of might
 g - 5 potions of curing
 h - 3 potions of heal wounds
 i - a potion of haste
 j - 4 potions of magic
 k - a potion of invisibility
Comestibles
 f - a bread ration


   Skills:
 + Level 2.8 Fighting
 * Level 8.6 Axes
 + Level 3.2 Armour
 + Level 3.4 Shields
 * Level 0.6 Invocations
 - Level 8.5 Evocations


You had 4 spell levels left.
You didn't know any spells.

Dungeon Overview and Level Annotations

Branches:
Dungeon (1/1)

Altars:
Cheibriados
Dithmenos
Elyvilon
Fedhas
Gozag
Hepliaklqana
Kikubaaqudgha
Makhleb
Nemelex Xobeh
Okawaru
Qazlal
Ru
Sif Muna
Trog
Uskayaw
Vehumet
Xom
Yredelemnul
Zin
The Shining One
Beogh
Jiyva
Lugonu


Innate Abilities, Weirdness & Mutations

You are resistant to damage.
You can recharge devices by infusing magical energy.
You passively map a small area around you.
You do not regenerate.


Message History

The ice beast hits you but does no damage.
Your chain mail prevents you from hitting the ice beast.
The ice beast is lightly wounded.
The ice beast hits you but does no damage.
The crimson imp blinks!
The ice beast barely misses you.
You closely miss the ice beast.
The ice beast is lightly wounded.
The ice beast hits you. The ice beast freezes you!
* * * LOW HITPOINT WARNING * * *
You slash the ice beast!
The ice beast is severely wounded.
The wyvern hisses menacingly.
The crimson imp grinds its teeth.
You block the ice beast's attack.
Your shield and chain mail prevent you from hitting the ice beast.
The ice beast is severely wounded.
The ice beast hits you.
* * * LOW HITPOINT WARNING * * *
The ice beast freezes you!
You die...

* ▓.▓
, *
▓.▓
▓5▓ *
▓l▓ *
▓K▓
▓o▓
▓Y▓,*
▓@▓ *
* ▓.▓
▓.▓
*,
▓.▓
▓.▓ *
,
▓)▓,
▓|▓,
, ,
▓.▓ *
▓.▓ ,


You could see an orc warrior, a wyvern, an ice beast, a big kobold and a crimson
imp.

Vanquished Creatures
  A phantom (D)
  A jelly (D)
  2 adders (D)
  A shadow imp (D)
  A dart slug (D)
  2 bats (D)
  A frilled lizard (D)
  A leopard gecko skeleton (D)
  A rat (D)
11 creatures vanquished.

Notes
Turn   | Place    | Note
-------+----------+-------------------------------------------
     0 | D        | Canaver the Deep Dwarf Fighter began the quest for the Orb.
     0 | D        | Reached XP level 1. HP: 20/20 MP: 1/1
    13 | D        | Reached skill level 1 in Evocations
    28 | D        | Noticed a phantom
    28 | D        | Noticed a jelly
    31 | D        | Killed a jelly
    31 | D        | Reached skill level 5 in Axes
    31 | D        | Reached skill level 5 in Evocations
    31 | D        | Reached XP level 2. HP: 24/27 MP: 2/5
    31 | D        | Reached XP level 3. HP: 29/33 MP: 2/7
    45 | D        | Killed a phantom
    45 | D        | Reached XP level 4. HP: 18/40 MP: 3/10
    45 | D        | Reached XP level 5. HP: 21/46 MP: 3/11
    49 | D        | Found a roughly hewn altar of Beogh.
    49 | D        | Found a snail-covered altar of Cheibriados.
    49 | D        | Found a shadowy altar of Dithmenos.
    49 | D        | Found a white marble altar of Elyvilon.
    49 | D        | Found a blossoming altar of Fedhas.
    49 | D        | Found an opulent altar of Gozag.
    50 | D        | Found a hazy altar of Hepliaklqana.
    51 | D        | Found a viscous altar of Jiyva.
    52 | D        | Found an ancient bone altar of Kikubaaqudgha.
    53 | D        | Found a corrupted altar of Lugonu.
    54 | D        | Found a burning altar of Makhleb.
    55 | D        | Found a sparkling altar of Nemelex Xobeh.
    56 | D        | Found an iron altar of Okawaru.
    57 | D        | Found a stormy altar of Qazlal.
    58 | D        | Found a sacrificial altar of Ru.
    59 | D        | Found a deep blue altar of Sif Muna.
    60 | D        | Found a bloodstained altar of Trog.
    61 | D        | Found a hide-covered altar of Uskayaw.
    62 | D        | Found a radiant altar of Vehumet.
    64 | D        | Became a worshipper of Makhleb the Destroyer
    66 | D        | Found a shimmering altar of Xom.
    67 | D        | Found a basalt altar of Yredelemnul.
    68 | D        | Found a glowing silver altar of Zin.
    69 | D        | Found a glowing golden altar of the Shining One.
   123 | D        | Noticed a wyvern
   123 | D        | Noticed an orc warrior
   123 | D        | Noticed an ice beast
   134 | D        | Slain by an ice beast

Vault maps used:
D:        linesprint

Skill      XL: |  1  2  3 |
---------------+----------+-----
Evocations     | 5 8 |  8.5
Axes           | 5 8 |  8.6
Fighting       | |  2.8
Armour         | |  3.2
Shields        | |  3.4
Invocations    | |  0.6

Action                   |  1- 3 |  4- 6 || total
-------------------------+-------+-------++-------
Melee: War axe           |    29 |    11 ||    40
  Use: Potion            |     1 |       ||     1
Armor: Scale mail        |    11 |       ||    11
       Chain mail        |       |     5 ||     5
Dodge: Dodged            |     7 |     1 ||     8
Block: Shield            |    17 |     2 ||    19
